 Dungeon Crawl Stone Soup version 0.30.1-9-gdf580d7c3d (webtiles) character file.

Game seed: 10767622049189113638

2865 H0rd4k the Cudgeller (level 10, -5/112 HPs)
             Began as a Human Artificer on Sept 25, 2023.
             Was an Initiate of Gozag.
             Slain by an ogre
             ... wielding a +0 glaive
              (11 damage)
             ... in a bailey.
             The game lasted 00:12:45 (8107 turns).

H0rd4k the Cudgeller (Human Artificer)              Turns: 8107, Time: 00:12:45

Health: -5/112     AC: 11    Str: 13    XL:     10   Next: 4%
Magic:  13/13      EV: 14    Int: 16    God:    Gozag
Gold:   756        SH:  0    Dex: 13    Spells: 14/14 levels left

rFire   . . .        F - +6 whip (flame)
rCold   . . .        (no shield)
rNeg    . . .        b - +0 leather armour
rPois   .            (no helmet)
rElec   .            n - +2 cloak
rCorr   .            (no gloves)
SInv    .            I - +0 pair of boots
Will    +....        (no amulet) Stlth
                     B - ring of willpower
HPRegen 0.38/turn    C - +4 ring of protection
MPRegen 0.13/turn

%: no passive effects
@: berserking, gold aura, very quick
A: no striking features
a: Renounce Religion, Potion Petition, Call Merchant, Bribe Branch


You were in a bailey.
You worshipped Gozag.
Gozag was pleased with you.
You visited 1 branch of the dungeon, and saw 8 of its levels.
You also visited: Sewer, Ossuary and Bailey.

You collected 972 gold pieces.
You paid 216 gold pieces to Gozag.

Inventory:

Hand Weapons
 F - a +6 whip of flaming (weapon)
 H - a +1 dagger of draining
Missiles
 p - 3 poisoned darts (quivered)
 D - 4 curare-tipped darts
Armour
 b - a +0 leather armour (worn)
 n - a +2 cloak (worn)
 I - a +0 pair of boots (worn)
Magical Staves
 d - a staff of conjuration
 K - a staff of poison
Jewellery
 B - a ring of willpower (left hand)
 C - a +4 ring of protection (right hand)
Wands
 G - a wand of flame (21)
 J - a wand of iceblast (3)
Scrolls
 a - a scroll of noise {unknown}
 i - a scroll of brand weapon
 j - 2 scrolls of vulnerability
 k - 3 scrolls of teleportation
 o - a scroll of poison
 y - a scroll of amnesia
 E - a scroll of immolation
Potions
 e - a potion of cancellation {unknown}
 f - 7 potions of curing {unknown}
 g - 2 potions of invisibility {unknown}
 h - 3 potions of degeneration {unknown}
 m - 2 potions of attraction {unknown}
 q - 5 potions of heal wounds {unknown}
 r - 3 potions of mutation {unknown}
 u - a potion of berserk rage
 v - 6 potions of flight {unknown}
 w - a potion of haste {unknown}
 x - 2 potions of magic {unknown}
 z - a potion of lignification {unknown}
 A - 3 potions of brilliance {unknown}


   Skills:
 + Level 5.6 Fighting
 + Level 4.1 Short Blades
 + Level 6.6 Maces & Flails
 + Level 2.6 Throwing
 + Level 2.7 Armour
 + Level 6.0 Dodging
 + Level 1.0 Stealth
 * Level 2.6 Spellcasting
 + Level 4.9 Evocations


You had 14 spell levels left.
You didn't know any spells.
Your spell library contained the following spells:

 Spells                   Type           Power      Damage    Failure   Level
 Freeze                   Ice            8%         1d3       26%         1
 Necrotise                Necr           8%         1d4       26%         1
 Shock                    Conj/Air       8%         1d3       26%         1
 Summon Small Mammal      Summ           8%         N/A       26%         1
 Call Canine Familiar     Summ           2%         N/A       58%         3
 Frozen Ramparts          Ice            4%         1d1       58%         3
 Hailstorm                Conj/Ice       2%         3d3       58%         3
 Inner Flame              Hex/Fire       2%         N/A       58%         3
 Summon Guardian Golem    Hex/Summ       2%         N/A       58%         3
 Swiftness                Air            2%         N/A       58%         3
 Vampiric Draining        Necr           2%         2d6       58%         3
 Airstrike                Air            1%         2d(1-17)  94%         4
 Petrify                  Tmut/Erth      2%         N/A       94%         4
 Agony                    Necr           2%         N/A       100%        5
 Metabolic Englaciation   Hex/Ice        1%         N/A       100%        5
 Yara's Violent Unravell  Hex/Tmut       1%         3d3       100%        5
 Statue Form              Tmut/Erth      1%         N/A       100%        6
 Enfeeble                 Hex            1%         N/A       100%        7


Dungeon Overview and Level Annotations

Branches:
Dungeon (8/15)              Sewer (visited)         Ossuary (visited)
 Bailey (1/1)
 Temple: D:4-7         Lair: D:8-11

Altars:
Ashenzari
Cheibriados
Gozag
Qazlal
Sif Muna
Uskayaw
The Shining One

Shops:
D:1 :   D:4 :   D:6 *

Annotations:
D:4 Blork the orc
D:5 2 runed translucent doors, exclusions: door and 2 downstairs, nms23's ghost, novice DsCj
D:8 1 transporter


Message History

The spriggan closely misses you.
You miss the spriggan.
The spriggan is severely wounded.
The spriggan hits you but does no damage.
The spriggan hits you with a +0 spear!
* * * LOW HITPOINT WARNING * * *
An ogre comes into view. It is wielding a +0 glaive.
You miss the spriggan.
The spriggan is severely wounded.
The spriggan misses you.
The spriggan hits you but does no damage.
You barely miss the spriggan.
The spriggan is severely wounded.
The ogre shouts!
The spriggan hits you with a +0 trident.
* * * LOW HITPOINT WARNING * * *
You whack the spriggan! You burn the spriggan.
You kill the spriggan!
The spriggan hits you with a +0 trident!
* * * LOW HITPOINT WARNING * * *
Your Dodging skill increases to level 6!
Unknown command.
A red film seems to cover your vision as you go berserk!
You feel yourself moving faster!
You feel mighty! The spriggan barely misses you.
You miss the spriggan. You whack the spriggan! You burn the spriggan.
The spriggan is severely wounded.
The spriggan is distracted by your dazzling golden aura.
You completely miss the spriggan.
The spriggan is no longer distracted by gold.
The spriggan shouts!
The spriggan is severely wounded.
You hear an angry hiss.
You whack the spriggan! You burn the spriggan.
You kill the spriggan!
You have reached level 10!
The ogre hits you from afar with a +0 glaive!
You die...
Your body crumbles into a pile of gold.

#..# #..#
#..# #..#
#..# ##..#
##..##
####~###♣.$##
...~~O$@$.##
........$##
#.......##
#########


You could see an ogre.

Vanquished Creatures
  3 spriggans (Bailey)
  A water moccasin (Sewer)
  3 black bears
  5 ogres
  A centaur (D:7)
  A phantom (D:6)
  A bullfrog (D:6)
  2 scorpions
  2 wights (D:8)
  3 killer bees (D:6)
  A howler monkey (D:5)
  2 jellies
  2 gnoll boudas
  4 hounds
  2 orc priests
  Ijyb (D:5)
  4 iguanas
  Natasha (twice) (D:3)
  4 orc wizards
  8 mummies (Ossuary)
  Robin (D:4)
  6 adders
  8 gnolls
  3 worms
  3 dart slugs
  18 orcs
  6 ball pythons
  7 endoplasms
  4 giant cockroaches
  17 goblins
  6 hobgoblins
  6 jackals
  2 quokkas
  15 bats
  3 frilled lizards
  2 gnoll zombies (Ossuary)
  2 hobgoblin zombies (Ossuary)
  3 kobolds
  4 kobold zombies (Ossuary)
  6 rats
174 creatures vanquished.

Vanquished Creatures (collateral kills)
  An orc priest (D:3)
  Natasha (D:3)
  An orc wizard (D:3)
  A gnoll (D:4)
  A worm (D:4)
  2 orcs (D:3)
  2 hobgoblins (D:4)
  A jackal (D:4)
  2 goblins
12 creatures vanquished.

Vanquished Creatures (others)
  A gnoll (D:4)
  An endoplasm (D:2)
  A hobgoblin (D:4)
  A kobold (D:1)
4 creatures vanquished.

Grand Total: 190 creatures vanquished

Notes
Turn   | Place    | Note
-------+----------+-------------------------------------------
     0 | D:1      | H0rd4k the Human Artificer began the quest for the Orb.
     0 | D:1      | Reached XP level 1. HP: 15/15 MP: 1/1
   216 | D:1      | Reached XP level 2. HP: 12/21 MP: 2/2
   633 | D:1      | Found Pumun's Book Shop.
   700 | D:1      | Reached XP level 3. HP: 7/26 MP: 3/3
   916 | D:2      | Reached skill level 1 in Maces & Flails
  1264 | D:2      | Found a snail-covered altar of Cheibriados.
  1315 | D:2      | Found a faded altar of an unknown god.
  1922 | D:3      | Noticed Natasha
  1925 | D:3      | Killed Natasha
  1926 | D:3      | Reached XP level 4. HP: 32/32 MP: 4/4
  2004 | D:3      | Found a stormy altar of Qazlal.
  2211 | D:3      | Reached XP level 5. HP: 37/38 MP: 5/5
  2247 | D:3      | Noticed Natasha
  2248 | D:3      | Killed Natasha
  2558 | D:3      | Noticed a black bear
  2572 | D:3      | Reached XP level 6. HP: 44/44 MP: 6/6
  2630 | D:3      | Noticed Natasha
  2639 | D:3      | Killed Natasha
  2690 | D:3      | Killed a black bear
  2865 | D:4      | Noticed Robin
  2890 | D:4      | Killed Robin
  3071 | D:4      | Found Qogu's Book Shoppe.
  3132 | D:4      | Noticed Blork the orc
  3158 | D:4      | Found a sand-covered staircase.
  3167 | Ossuary  | Entered an ossuary
  3203 | Ossuary  | Reached XP level 7. HP: 51/51 MP: 7/7
  3440 | Ossuary  | Reached skill level 1 in Short Blades
  3761 | D:4      | Found a glowing golden altar of the Shining One.
  4296 | D:4      | Found a shimmering blue altar of Sif Muna.
  4447 | D:5      | Entered Level 5 of the Dungeon
  4447 | D:5      | Found a runed translucent door.
  4475 | D:5      | Noticed nms23's ghost (novice DsCj)
  4538 | D:5      | Found a glowing drain.
  4566 | Sewer    | Entered a sewer
  4653 | Sewer    | Noticed a water moccasin
  4665 | Sewer    | Killed a water moccasin
  4666 | Sewer    | Reached XP level 8. HP: 28/58 MP: 8/8
  4955 | D:5      | Noticed Ijyb
  4967 | D:5      | Killed Ijyb
  5495 | D:5      | Found a runed translucent door.
  6109 | D:6      | Reached skill level 5 in Dodging
  6138 | D:6      | Found an opulent altar of Gozag.
  6200 | D:6      | Found Gozag's Platinum Reserve.
  6230 | D:6      | Became a worshipper of Gozag Ym Sagoz the Greedy
  6356 | D:6      | Noticed a +0 short sword
  6356 | D:6      | Noticed a +0 falchion
  6357 | D:6      | Noticed a +0 dagger
  6357 | D:6      | Noticed a +0 falchion
  6357 | D:6      | Noticed a +0 spear
  6360 | D:6      | Noticed a +0 dagger
  6412 | D:6      | Reached skill level 5 in Maces & Flails
  6412 | D:6      | Reached skill level 1 in Throwing
  6412 | D:6      | Reached XP level 9. HP: 19/65 MP: 9/9
  6423 | D:6      | Noticed a +0 short sword
  7228 | D:6      | Noticed a +0 spear
  7233 | D:6      | Found a hide-covered altar of Uskayaw.
  7614 | D:8      | Noticed a green ugly thing
  7622 | D:8      | Found a transporter.
  7727 | D:8      | Found a broken altar of Ashenzari.
  7762 | D:8      | Reached skill level 5 in Fighting
  7791 | D:8      | Found a flagged portal.
  7802 | D:8      | Reached skill level 1 in Spellcasting
  7847 | D:8      | Noticed a troll
  7860 | Bailey   | Entered a bailey
  8101 | Bailey   | HP: 3/68 [spriggan/+0 trident (8)]
  8107 | Bailey   | Reached XP level 10. HP: 6/75 MP: 13/13
  8107 | Bailey   | Slain by an ogre

Illustrated notes

Levels and vault maps discovered:
D:1:      dpeg_arrival_brainrot, layout_basic, serial_shops,
          nicolae_shop_hallway_stairs, chequers_serial_rivers_micro_c,
          minivault_19, minmay_small_reverse_x
D:2:      layout_basic, basic_ecumenical_altar, basic_altar, minivault_23
D:3:      layout_loops_ring, grunt_qazlal_clouds, uniq_natasha
D:4:      layout_basic, nicolae_tso_carved_into_rock,
          mainiacjoe_overflow_alcove_2, nicolae_ossuary_entry_monument,
          serial_shops, shop, uniq_blork_the_orc, uniq_robin
D:5:      layout_loops_ring, cheibrodos_sewer_entry_bend, ebering_ghost_sewer_f,
          uniq_ijyb
D:6:      layout_cave_pools, nicolae_gozag_zags_fifth_avenue,
          nicolae_uskayaw_en_pointe, serial_co_window_serial,
          co_window_corner_a, co_window_paths_a, co_window_of_opportunity_a,
          co_window_paths_b, co_window_cross_1, co_window_paths_a,
          co_window_corner_cb, co_window_2corner, co_window_unsneaky_path_c,
          co_window_corner_b, co_window_of_opportunity_c, glass_columns_a
D:7:      layout_basic, mainiacjoe_overflow_surrounded_room,
          mainiacjoe_overflow_alcove_4, minmay_temple_entry_from_below_a,
          kennysheep_generic_room_11
D:8:      layout_basic, mainiacjoe_overflow_alcove_1, lemuel_tele_altar,
          kennysheep_mini_moat, nicolae_overflow_hidden_temple, okawaru_trees_2,
          gammafunk_ghost_abyssal_escape, enter_bailey_3
Bailey:   bailey_polearm_enchanted_keep_hellmonk, bailey

Skill      XL: |  1  2  3  4  5  6  7  8  9 |
---------------+----------------------------+-----
Maces & Flails | 1 2 3 4 5 6 |  6.6
Dodging        | 2 3 4 5 6 |  6.0
Evocations     | 4 |  4.9
Fighting       | 2 3 4 5 |  5.6
Short Blades   | 3 4 |  4.1
Throwing       | 1 2 |  2.6
Spellcasting   | 2 |  2.6
Armour         | |  2.7
Stealth        | |  1.0

Action                     |  1- 3 |  4- 6 |  7- 9 | 10-12 || total
---------------------------+-------+-------+-------+-------++-------
  Melee: Club              |   163 |    55 |       |       ||   218
         Punch             |     1 |       |     5 |       ||     6
         Flail             |       |    31 |       |       ||    31
         Dagger            |       |    46 |   135 |       ||   181
         Whip              |       |       |   346 |       ||   346
  Throw: Dart              |       |       |    10 |       ||    10
  Evoke: Wand              |     9 |    20 |     7 |       ||    36
    Use: Scroll            |       |       |    10 |       ||    10
         Potion            |       |       |     1 |       ||     1
   Stab: Sleeping          |     4 |     3 |     2 |       ||     9
 Armour: Leather armour    |    76 |    60 |   117 |       ||   253
  Dodge: Dodged            |   103 |    82 |   303 |       ||   488
